 Dungeon Crawl Stone Soup version 0.18.1-50-g88ac8fd (webtiles) character file.

80 Kwzr the Sneak (level 4, -1/33 HPs)
             Began as a Demonspawn Assassin on Oct 29, 2016.
             Was an Initiate of Makhleb.
             Slain by a gnoll
             ... wielding a +0 halberd
              (14 damage)
             ... on level 3 of the Dungeon.
             The game lasted 00:12:15 (2022 turns).

Kwzr the Sneak (Demonspawn Assassin)                Turns: 2022, Time: 00:12:15

Health: -1/33      AC:  7    Str: 13    XL:     4   Next: 18%
Magic:  13/13      EV: 12    Int: 12    God:    Makhleb [......]
Gold:   122        SH:  0    Dex: 14    Spells: 0 memorised, 3 levels left

rFire  . . .     SeeInvis .     a - +0 whip (venom)
rCold  . . .     Gourm    .     c - +0 robe
rNeg   . . .     Faith    .     (no shield)
rPois  +         Spirit   .     (no helmet)
rElec  .         Dismiss  .     d - +0 cloak
rCorr  .         Reflect  .     (no gloves)
SustAt .         Harm     .     (no boots)
MR     .....                    (no amulet)
Stlth  +++.......               q - ring of magical power
                                o - ring of poison resistance

@: not resistant to hostile enchantments, fairly stealthy
A: talons 1, iridescent scales 1, powered by death 1
a: Renounce Religion


You were on level 3 of the Dungeon.
You worshipped Makhleb.
Makhleb was noncommittal.
You were hungry.

You visited 2 branches of the dungeon, and saw 5 of its levels.

You collected 122 gold pieces.

Inventory:

Hand Weapons
 a - a +0 whip of venom (weapon)
 b - a +0 blowgun
 h - a +2 mace of holy wrath
Missiles
 e - 3 poisoned needles
 f - 2 curare-tipped needles
Armour
 c - a +0 robe (worn)
 d - a +0 cloak (worn)
Jewellery
 k - an uncursed ring of protection from cold
 o - a ring of poison resistance (left hand)
 q - a ring of magical power (right hand)
Scrolls
 i - 2 scrolls of enchant weapon {unknown}
 n - a scroll of recharging {unknown}
 v - 3 scrolls of identify
 w - a scroll of noise {unknown}
Potions
 j - a potion of heal wounds {unknown}
 m - 2 potions of mutation {unknown}
 u - 2 potions of invisibility {unknown}
Comestibles
 g - 4 bread rations
 l - a slice of pizza
 p - 2 chunks of flesh
 r - 2 meat rations
 s - a beef jerky


   Skills:
 - Level 2.1 Fighting
   Level 1.7 Short Blades
 + Level 2.2 Maces & Flails
 - Level 1.7 Throwing
 + Level 2.0 Dodging
 - Level 4.0 Stealth


You had 3 spell levels left.
You didn't know any spells.

Dungeon Overview and Level Annotations

Branches:
Dungeon (4/15)             Temple (1/1) D:4

Altars:
Cheibriados
Dithmenos
Elyvilon
Fedhas
Makhleb
Pakellas
Qazlal
Sif Muna
Trog
Xom
Yredelemnul
The Shining One


Innate Abilities, Weirdness & Mutations

You have sharp toenails.
You are partially covered in iridescent scales (AC +4).
You regenerate a little health from kills.


Message History

Things that are here:
a spear; 15 stones; a gnoll corpse
e - a poisoned needle You feel less regenerative.
f - 2 curare-tipped needles (gained 1);
e - 3 poisoned needles (gained 2)
Your +0 whip of venom begins to drip with poison!
a - a +0 whip of venom (weapon)
The gnoll shouts!
The goblin shouts!
The gnoll hits you from afar with a halberd!
There is an open door here.
You are feeling hungry.
The gnoll hits you with a halberd!
You hit the gnoll but do no damage.
The gnoll is poisoned.
The gnoll misses you.
You hit the gnoll but do no damage.
The gnoll looks even sicker.
The gnoll is lightly wounded.
You barely miss the gnoll.
The gnoll is moderately wounded.
The gnoll hits you with a halberd!
You die...

#.###...## #.##.....##
#.#...)...#
#)#.......#
#.#.......# #.##g....#
#..##...#
##..##g#######+#######
##..@..............(.
#......(...(....(.g.
#...................
####+#######'#######
#...# #.....#
#.....?.# #...w...#
#...!...#


You could see a gnoll.

Vanquished Creatures
  3 gnolls
  An adder (D:2)
  A dart slug (D:3)
  A giant gecko (D:1)
  5 giant cockroaches
  4 goblins
  8 hobgoblins
  4 kobolds
  A quokka (D:4)
  4 bats
  3 rats (D:1)
35 creatures vanquished.

Vanquished Creatures (others)
  4 toadstools (D:1)
4 creatures vanquished.

Grand Total: 39 creatures vanquished

Notes
Turn   | Place    | Note
--------------------------------------------------------------
     0 | D:1      | Kwzr the Demonspawn Assassin began the quest for the Orb.
     0 | D:1      | Reached XP level 1. HP: 16/16 MP: 1/1
    81 | D:1      | Reached skill level 1 in Dodging
   293 | D:1      | Gained mutation: You have sharp toenails. [demonic ancestry]
   293 | D:1      | Reached XP level 2. HP: 22/22 MP: 2/2
   614 | D:1      | Reached skill level 4 in Stealth
   851 | D:1      | Reached skill level 1 in Maces & Flails
   945 | D:2      | Gained mutation: You are partially covered in iridescent scales (AC +4). [demonic ancestry]
   945 | D:2      | Reached XP level 3. HP: 26/27 MP: 3/3
  1671 | D:4      | Found a staircase to the Ecumenical Temple.
  1707 | Temple   | Entered the Ecumenical Temple
  1718 | Temple   | Became a worshipper of Makhleb the Destroyer
  1950 | D:3      | Gained mutation: You regenerate a little health from kills. [demonic ancestry]
  1950 | D:3      | Reached XP level 4. HP: 24/33 MP: 4/4
  2022 | D:3      | Slain by a gnoll

Skill      XL: |  1  2  3  4 |
---------------+-------------+-----
Dodging        | 1 2 |  2.0
Stealth        | 4 |  4.0
Maces & Flails | 1 2 |  2.2
Fighting       | |  2.1
Short Blades   | |  1.7
Throwing       | |  1.7

Action                   |  1- 3 |  4- 6 || total
-------------------------+-------+-------++-------
Melee: Whip              |    68 |     5 ||    73
       Kick              |    10 |       ||    10
 Fire: Blowgun           |    15 |     5 ||    20
  Use: Scroll            |     2 |       ||     2
 Stab: Sleeping          |     5 |       ||     5
  Eat: Chunk             |     2 |       ||     2
       Fruit             |     1 |       ||     1
Armor: Robe              |    20 |     1 ||    21
Dodge: Dodged            |    37 |     3 ||    40
